 Dungeon Crawl Stone Soup version 0.29.1-13-g9f3cf754e1 (webtiles) character file.

Game seed: 7816334648376525069

298 croobank the Sneak (level 6, -4/43 HPs)
             Began as an Octopode Delver on Jan 31, 2023.
             Slain by a killer bee (8 damage)
             ... on level 4 of the Dungeon on Feb 1, 2023.
             The game lasted 00:09:51 (4146 turns).

croobank the Sneak (Octopode Delver)                Turns: 4146, Time: 00:09:52

Health: -4/43      AC:  5    Str: 12    XL:     6   Next: 35%
Magic:  6/6        EV: 15    Int: 14    God:
Gold:   153        SH:  0    Dex: 19    Spells: 5/5 levels left

rFire   . . .      SeeInvis .   a - +0 hand axe
rCold   . . .      Faith    .   (no shield)
rNeg    . . .      Spirit   .   (helmet restricted)
rPois   .          Reflect  .   (no amulet)
rElec   .          Harm     .   w - +4 ring of protection
rCorr   .          Rampage  .   C - +6 ring of dexterity
Will    .....                   (no ring)
Stlth   +++++.....              (no ring)
HPRegen 0.14/turn               (no ring)
MPRegen 0.10/turn               (no ring)
                                (no ring)
                                (no ring)

@: lethally poisoned (-4 -> -10)
A: almost no armour, amphibious, 8 rings, camouflage 1, gelatinous body 1,
(nimble swimmer 1), tentacles
a: no special abilities


You were on level 4 of the Dungeon.
You visited 1 branch of the dungeon, and saw 7 of its levels.

You collected 153 gold pieces.

Inventory:

Hand Weapons
 a - a +0 hand axe (weapon)
 l - a +0 long sword
 E - a +0 war axe
 G - the +3 sling of Shame {venom, Will+}
   (You found it on level 5 of the Dungeon)

   Any ammunition fired from it poisons the flesh of those it strikes.
   Will:      It increases your willpower.
Missiles
 k - a throwing net (quivered)
 A - 4 atropa-tipped darts
 B - 6 poisoned darts
 F - 3 boomerangs of dispersal
Jewellery
 w - a +4 ring of protection (left tentacle)
 z - a ring of ice
 C - a +6 ring of dexterity (right tentacle)
 D - a ring of willpower
Wands
 f - a wand of digging (2)
Scrolls
 b - a scroll of fog
 c - a scroll of magic mapping
 d - 3 scrolls of fear
 h - 2 scrolls of enchant armour
 m - 4 scrolls of blinking
 p - a scroll of vulnerability {unknown}
 r - 2 scrolls of enchant weapon {unknown}
 s - 5 scrolls of identify {unknown}
 t - a scroll of immolation {unknown}
 u - 4 scrolls of teleportation {unknown}
 y - a scroll of butterflies {unknown}
 H - a scroll of noise {unknown}
Potions
 e - a potion of haste
 g - a potion of degeneration {unknown}
 i - a potion of cancellation {unknown}
 j - 2 potions of ambrosia {unknown}
 n - 2 potions of lignification {unknown}
 o - 2 potions of invisibility {unknown}
 q - 2 potions of attraction {unknown}
 v - a potion of brilliance {unknown}
 x - a potion of mutation {unknown}


   Skills:
 + Level 4.3 Fighting
 + Level 3.7 Axes
 + Level 3.5 Dodging
 + Level 7.9 Stealth


You had 5 spell levels left.
You didn't know any spells.
Your spell library contained the following spells:

 Spells                   Type           Power      Damage    Failure   Level
 Summon Small Mammal      Summ           0%         N/A       28%         1
 Call Canine Familiar     Summ           0%         N/A       65%         3
 Summon Guardian Golem    Hex/Summ       0%         N/A       65%         3


Dungeon Overview and Level Annotations

Branches:
Dungeon (7/15)
 Temple: D:4-7

Altars:

Shops:
D:2 =*


Innate Abilities, Weirdness & Mutations

You cannot wear most types of armour.
You are amphibious.
You can wear up to eight rings at the same time.
Your skin changes colour to match your surroundings (Stealth+).
Your rubbery body absorbs attacks. (AC +1, EV +1)
((You are camouflaged when in or above water. (Stealth+)))
You have tentacles for arms and can constrict up to eight enemies at once.


Message History

The killer bee completely misses you.
You shoot a sling bullet. The sling bullet hits the killer bee.
The killer bee is lightly wounded.
You feel sick. The killer bee stings you! The killer bee stings you.
The killer bee stings you but does no damage.
You are too injured to fight recklessly!
You are too injured to fight recklessly!
You are too injured to fight recklessly!
You are too injured to fight recklessly!
You are too injured to fight recklessly!
You are too injured to fight recklessly!
You are too injured to fight recklessly!
Okay, then.
The +3 sling of Shame {venom, Will+} stops dripping with poison.
a - a +0 hand axe (weapon)
You feel sick. The killer bee stings you.
You hit the killer bee but do no damage.
Your grab misses the killer bee.
The killer bee is lightly wounded.
You feel sick. The killer bee misses you.
The killer bee stings you but does no damage.
You closely miss the killer bee. Your grab misses the killer bee.
The killer bee is lightly wounded.
You feel sick. The killer bee closely misses you. x2
You slash the killer bee! Your grab misses the killer bee.
Your squeeze misses the killer bee.
The killer bee is heavily wounded.
You feel sick. The killer bee completely misses you. The killer bee stings you.
* * * LOW HITPOINT WARNING * * *
You closely miss the killer bee. Your grab misses the killer bee.
Your squeeze misses the killer bee.
The killer bee is heavily wounded.
You feel sick.
You are no longer poisoned.
The killer bee stings you.
* * * LOW HITPOINT WARNING * * *
You are lethally poisoned!
The killer bee poisons you! The killer bee closely misses you.
The killer bee stings you!
You die...

############.#.#######.#
......##.....#.........#
.####.##.###.#.#######.#
.#.....#.# #.#.# #.#
.#.......# #.#.# #.#
.###..#### #.#.# #.#
......######.#.# #.#
...........#.#.### #.#
...............y@#####.#
...........#...........#
)..........#####.#######
####'#.....# ##.# #
#.#.###.# ##..# #
#.#.###.###..##
#.#.........##
#.#####.##..#
#.#.....##..######


You could see a killer bee.

Vanquished Creatures
  A scorpion (D:4)
  A hound (D:4)
  2 orc wizards (D:4)
  3 gnolls (D:4)
  2 adders
  5 worms
  2 dart slugs
  4 orcs
  11 ball pythons
  11 endoplasms
  5 giant cockroaches
  9 goblins
  4 hobgoblins
  7 kobolds
  5 quokkas
  3 bats
  2 frilled lizards
  5 rats
82 creatures vanquished.

Vanquished Creatures (others)
  22 plants (D:4)
22 creatures vanquished.

Grand Total: 104 creatures vanquished

Notes
Turn   | Place    | Note
-------+----------+-------------------------------------------
     0 | D:5      | croobank the Octopode Delver began the quest for the Orb.
     0 | D:5      | Reached XP level 1. HP: 16/16 MP: 1/1
    13 | D:6      | Noticed an iguana
    13 | D:6      | Noticed a scorpion
    64 | D:7      | Noticed a water moccasin
    64 | D:7      | Noticed a jelly
   340 | D:3      | Reached XP level 2. HP: 21/21 MP: 2/2
   505 | D:2      | Reached XP level 3. HP: 17/26 MP: 3/3
   673 | D:2      | Found Qaefu's General Store.
   698 | D:2      | Found Vamennuc's Jewellery Shop.
   896 | D:1      | Reached skill level 7 in Stealth
  1462 | D:1      | Reached XP level 4. HP: 22/31 MP: 4/4
  2292 | D:2      | Found a faded altar of an unknown god.
  3414 | D:4      | Reached XP level 5. HP: 37/37 MP: 5/5
  3615 | D:4      | Reached XP level 6. HP: 34/43 MP: 6/6
  3734 | D:5      | Identified the +3 sling of Shame {venom, Will+}
  4146 | D:4      | Slain by a killer bee

Illustrated notes

Levels and vault maps discovered:
D:1:      sevenhm_arrival_forest_fort_small_6, layout_basic
D:2:      layout_rooms, shapermc_ecumenical_altar_gd, serial_shops, shop,
          shop_statue, minmay_pentomino_x4
D:3:      layout_loops_corners, minmay_surrounded
D:4:      layout_basic, st_stairs_12, serial_bayou_lagoon_a, kennysheep_doodads
D:5:      layout_loops_ring, chequers_temple_overflow_minitemple
D:6:      layout_rooms
D:7:      layout_rooms, minmay_temple_entry_glass

Skill      XL: |  1  2  3  4  5 |
---------------+----------------+-----
Stealth        | 7 |  7.9
Axes           | 3 |  3.7
Dodging        | 3 |  3.5
Fighting       | 4 |  4.3

Action                   |  1- 3 |  4- 6 || total
-------------------------+-------+-------++-------
Melee: Hand axe          |    78 |    85 ||   163
       Constrict         |    15 |    20 ||    35
       Tentacles         |    13 |    16 ||    29
       Punch             |     1 |       ||     1
 Fire: Sling             |       |    21 ||    21
Throw: Throwing net      |       |     1 ||     1
Evoke: Wand              |     1 |       ||     1
  Use: Scroll            |     2 |       ||     2
 Stab: Sleeping          |    21 |    14 ||    35
       Distracted        |       |     1 ||     1
Armor: Skin              |     6 |    19 ||    25
Dodge: Dodged            |    35 |    66 ||   101
